[Event "ICC tourney 2086 (3 2)"]
[Site "Internet Chess Club"]
[Date "2020.10.30"]
[Round "11"]
[White "blackjack721"]
[Black "Sherlockm7"]
[Result "0-1"]
[ICCResult "White checkmated"]
[WhiteElo "1272"]
[BlackElo "1336"]
[Opening "French: Tarrasch, closed variation"]
[ECO "C05"]
[NIC "FR.17"]
[Time "22:25:44"]
[TimeControl "180+2"]

1. e4 e6 2. d4 d5 3. Nd2 Nf6 4. e5 Nfd7 5. c3 c5 6. Bd3 Nc6 7. Ngf3 Qb6 8.
dxc5 Bxc5 9. O-O Ncxe5 10. Nxe5 Nxe5 11. Nb3 Nxd3 12. Qxd3 Bd6 13. Be3 Qc7
14. Rac1 Bxh2+ 15. Kh1 Bd6 16. f4 Bd7 17. c4 dxc4 18. Rxc4 Bc6 19. Rfc1 Qe7
20. Rxc6 bxc6 21. Rxc6 Rd8 22. g3 O-O 23. Qe4 Bb8 24. Nd4 e5 25. Nf5 Rd1+
26. Kg2 Qb7 27. b3 exf4 28. gxf4 f6 29. Qe6+ Kh8 30. Ne7 Rc1 31. Bd4 Rxc6
32. Nxc6 Bxf4 33. Kh3 Qc8 34. Qxc8 Rxc8 35. Ne7 Rd8 36. Bc5 Bd6 37. b4 Bxc5
38. bxc5 Rd7 39. Nf5 Rc7 40. Kg4 Rxc5 41. Ne7 Rc2 42. a4 Ra2 43. Kf5 Rxa4
44. Ke6 Rd4 45. Kf7 Rd7 46. Ke8 Rxe7+ 47. Kxe7 a5 48. Ke6 a4 49. Kf7 a3 50.
Kf8 a2 51. Kf7 a1=Q 52. Kf8 Qa8+ 53. Ke7 Kg8 54. Ke6 Qe8+ 55. Kf5 Kf7 56.
Kg4 Qe5 57. Kh4 Kg6 58. Kh3 Qg5 59. Kh2 Qg4 60. Kh1 Kf5 61. Kh2 Kf4 62. Kh1
Kf3 63. Kh2 Qg2# {White checkmated} 0-1